 Dungeon Crawl Stone Soup version 0.30-a0-913-g9934a0ce24 (webtiles) character file.

Game seed: 14788460864846563303

130 cforsyth the Changer (level 5, -1/37 HPs)
             Began as a Human Wanderer on Mar 19, 2023.
             Was an Initiate of Hepliaklqana.
             Killed from afar by an orc wizard (8 damage)
             ... with a puff of flame
             ... on level 3 of the Dungeon.
             The game lasted 00:04:56 (2468 turns).

cforsyth the Changer (Human Wanderer)               Turns: 2468, Time: 00:04:56

Health: -1/37      AC:  5    Str: 11    XL:     5   Next: 36%
Magic:  17/18      EV: 11    Int: 13    God:    Hepliaklqana [......]
Gold:   155        SH:  0    Dex: 15    Spells: 9/10 levels left

rFire   . . .      SeeInvis .    a - +0 quarterstaff
rCold   . . .      Faith    .    (shield currently unavailable)
rNeg    . . .      Spirit   .    b - +0 ring mail
rPois   .          Reflect  .    (helmet currently unavailable)
rElec   .          Rampage  .    (no cloak)
rCorr   .                        (no gloves)
Will    .....                    (boots currently unavailable)
Stlth   +                        (no amulet)
HPRegen 0.26/turn                q - ring of magical power
MPRegen 0.16/turn                (no ring)

@: appendages, very slightly contaminated
A: horns 2, talons 2
a: End Transformation, Renounce Religion


You were on level 3 of the Dungeon.
You worshipped Hepliaklqana.
Hepliaklqana was noncommittal.
You had temporarily grown beastly horns and talons.
You visited 1 branch of the dungeon, and saw 3 of its levels.

You collected 155 gold pieces.

Inventory:

Hand Weapons
 a - a +0 quarterstaff (weapon)
Armour
 b - a +0 ring mail (worn)
Jewellery
 q - a ring of magical power (left hand)
Scrolls
 c - a scroll of fear
 d - 2 scrolls of blinking {unknown}
 i - a scroll of immolation {unknown}
 j - 2 scrolls of teleportation {unknown}
 k - a scroll of silence {unknown}
 l - a scroll of noise {unknown}
 m - 2 scrolls of identify {unknown}
 o - a scroll of magic mapping {unknown}
 p - a scroll of poison {unknown}
Potions
 e - 2 potions of curing {unknown}
 f - a potion of brilliance {unknown}
 g - 4 potions of heal wounds {unknown}
 h - 3 potions of might {unknown}
 n - a potion of magic {unknown}


   Skills:
 - Level 1.0 Fighting
 - Level 1.0 Staves
 - Level 2.0 Armour
 + Level 3.3 Dodging
 + Level 3.1 Spellcasting
 - Level 4.0 Transmutations


You had 9 spell levels left.
You knew the following spells:

 Your Spells              Type           Power      Damage    Failure   Level
a - Beastly Appendage     Tmut           24%        N/A       11%         1

Your spell library contained the following spells:

 Spells                   Type           Power      Damage    Failure   Level
 Sting                    Tmut/Pois      28%        1d4       24%         1
 Passwall                 Tmut/Erth      5%         N/A       34%         2
 Foxfire                  Conj/Fire      8%         2x1d4     47%         1
 Cigotuvi's Dreadful Rot  Necr/Pois/Air  4%         N/A       63%         2
 Ensorcelled Hibernation  Hex/Ice        4%         N/A       63%         2
 Poisonous Vapours        Pois/Air       4%         N/A       63%         2
 Mephitic Cloud           Conj/Pois/Air  2%         N/A       85%         3
 Swiftness                Air            2%         N/A       85%         3
 Ice Form                 Ice/Tmut       7%         N/A       93%         4
 Fireball                 Conj/Fire      1%         3d3       100%        5
 Starburst                Conj/Fire      1%         6d3       100%        6


Dungeon Overview and Level Annotations

Branches:
Dungeon (3/15)

Altars:
Hepliaklqana
Makhleb
The Shining One

Shops:
D:2 ?


Innate Abilities, Weirdness & Mutations

You have temporarily grown beastly horns and talons.


Message History

You bump into the rock wall.
Something hits you.
You're too confused to move!
Something hits you but does no damage.
You miss something. Something hits you.
You bump into the rock wall.
You feel less confused.
You are too injured to fight recklessly!
You closely miss the orc.
The orc is severely wounded.
Something hits you but does no damage. The orc hits you with a +0 flail.
You are too injured to fight recklessly!
Casting: Beastly Appendage (safe; 11% risk of failure)
Confirm with . or Enter, or press ? or * to list all spells.
You miscast Beastly Appendage.
You are very lightly contaminated with residual magic.
Nothing appears to happen.
You hear some strange, mumbled words.
A puff of flame appears from out of thin air!
The puff of flame hits you.
* * * LOW HITPOINT WARNING * * *
The orc hits you but does no damage.
You sock the orc!
You kill the orc!
Something hits you.
* * * LOW HITPOINT WARNING * * *
Something hits you but does no damage.
Things that are here:
a +0 flail; a +0 scale mail; an orc corpse
Casting: Beastly Appendage (safe; 11% risk of failure)
Confirm with . or Enter, or press ? or * to list all spells.
You grow a pair of large bovine horns.
Your feet morph into talons.
Something hits you.
* * * LOW HITPOINT WARNING * * *
You miss something. Your headbutt misses something. Something hits you.
* * * LOW HITPOINT WARNING * * *
Something hits you but does no damage.
You closely miss something. You claw something.
You hear some strange, mumbled words.
A puff of flame appears from out of thin air!
The puff of flame hits you!
You die...

#.#.......#...#######
#.#.########.......#
#.#.# #.........#
#...# #.#.......#
##########.#.#.....#
#......#.#.##..#
#.######.#.##..#
#.###.######.#.##..#
#..)@{.......#.##..##
#..##)########.##....
#. #.......... ##)##
# ..####### ...##
#... .....+. +...
.......## #....
.......# #####
.#######


There were no monsters in sight!

Vanquished Creatures
  2 orc wizards (D:1)
  2 dart slugs
  7 orcs
  5 endoplasms
  2 giant cockroaches
  10 goblins
  5 hobgoblins
  5 kobolds
  4 quokkas
  7 ball pythons
  7 bats
  3 frilled lizards
  6 rats
65 creatures vanquished.

Notes
Turn   | Place    | Note
-------+----------+-------------------------------------------
     0 | D:1      | cforsyth the Human Wanderer began the quest for the Orb.
     0 | D:1      | cforsyth set off with the following items: a +0
                  | quarterstaff, a +0 ring mail, a scroll of fear; and the
                  | following spells available to memorise: Beastly Appendage,
                  | Sting, Ice Form.
     0 | D:1      | Reached XP level 1. HP: 15/15 MP: 2/2
    23 | D:1      | Learned a level 1 spell: Beastly Appendage
    56 | D:1      | Reached XP level 2. HP: 3/21 MP: 4/4
   457 | D:1      | Reached XP level 3. HP: 24/26 MP: 3/5
   999 | D:1      | Reached XP level 4. HP: 31/32 MP: 7/7
  1028 | D:1      | HP: 1/32 [something/puff of flame (12)]
  1261 | D:2      | Found Libi's Magic Scroll Emporium.
  1365 | D:2      | Reached XP level 5. HP: 37/37 MP: 7/9
  1381 | D:2      | Found a glowing golden altar of the Shining One.
  1995 | D:3      | Found a burning altar of Makhleb.
  2093 | D:3      | Found a hazy altar of Hepliaklqana.
  2183 | D:3      | Became a worshipper of Hepliaklqana the Forgotten
  2230 | D:3      | Found a faded altar of an unknown god.
  2363 | D:3      | Identified the +6 chain mail "Owid" {rF++ rCorr Int-2
                  | Slay+2}
  2468 | D:3      | Killed from afar by an orc wizard

Illustrated notes

Levels and vault maps discovered:
D:1:      minmay_arrival_floating_metal, layout_basic
D:2:      layout_rooms, serial_shops, shop, basic_altar, dk_noncrumbling_4
D:3:      layout_basic, mainiacjoe_overflow_surrounded_room, bloody_makhleb,
          gammafunk_ghost_necromancy, shapermc_ecumenical_altar_pompeii

Skill      XL: |  1  2  3  4  5 |
---------------+----------------+-----
Dodging        | 2 3 |  3.3
Spellcasting   | 2 3 |  3.1
Fighting       | |  1.0
Staves         | |  1.0
Armour         | |  2.0
Transmutations | |  4.0

Action                     |  1- 3 |  4- 6 || total
---------------------------+-------+-------++-------
  Melee: Quarterstaff      |    86 |   120 ||   206
         Kick              |    10 |    24 ||    34
         Headbutt          |     3 |     4 ||     7
   Cast: Beastly Appendage |     7 |    19 ||    26
 Armour: Ring mail         |    58 |    55 ||   113
  Dodge: Dodged            |    63 |    55 ||   118

Table legend: (Time is in decaauts)
 A = Elapsed time spent in this place.
 B = Non-inter-level travel time spent in this place.
 C = Inter-level travel time spent in this place.
 D = Time resting spent in this place.
 E = Time spent auto-exploring this place.
 F = Levels seen in this place.
 G = Mean time per level.
                   A        B        C        D        E       F      G
               +--------+--------+--------+--------+--------+-----+--------+
         Total |   2538 |   2395 |    143 |    146 |   1747 |   3 |  846.0 |
       Dungeon |   2538 |   2395 |    143 |    146 |   1747 |   3 |  846.0 |
               +--------+--------+--------+--------+--------+-----+--------+

Top non-repeatable levels by time:
     D:1: 1045 daAuts
     D:2: 872 daAuts
     D:3: 620 daAuts
